 Dungeon Crawl Stone Soup version 0.29-a0-341-g24ffce5b50 (webtiles) character file.

Game seed: 4165547962666482425

50 spaghetti the Grave Robber (level 3, 0/26 HPs)
             Began as a Demigod Necromancer on Apr 20, 2022.
             Slain by a gnoll
             ... wielding a +0 whip
              (2 damage)
             ... on level 2 of the Dungeon.
             The game lasted 00:03:00 (2473 turns).

spaghetti the Grave Robber (Demigod Necromancer)    Turns: 2473, Time: 00:03:01

Health: 0/26       AC:  3    Str:  9    XL:     3   Next: 35%
Magic:  3/10       EV: 12    Int: 21    God:
Gold:   39         SH:  0    Dex: 14    Spells: 7/8 levels left

rFire   . . .      SeeInvis .   (no weapon)
rCold   . . .      Faith    .   (no shield)
rNeg    . . .      Spirit   .   a - +0 robe
rPois   .          Reflect  .   (no helmet)
rElec   .          Harm     .   (no cloak)
rCorr   .          Rampage  .   (no gloves)
Will    .....                   t - +0 pair of boots
Stlth   ++........              (no amulet)
HPRegen 0.08/turn               (no ring)
MPRegen 0.12/turn               (no ring)

@: no status effects
A: high MP 1, forlorn, divine attributes
a: no special abilities


You were on level 2 of the Dungeon.
You visited 1 branch of the dungeon, and saw 2 of its levels.

You collected 39 gold pieces.


Innate Abilities, Weirdness & Mutations

You have an increased reservoir of magic. (+10% MP)
You shall have no god before yourself.
Your divine heritage dramatically boosts your attributes as you level up.


   Skills:
 - Level 1.7 Dodging
 - Level 1.7 Stealth
 + Level 3.4 Spellcasting
 - Level 3.6 Necromancy


You had 7 spell levels left.
You knew the following spells:

 Your Spells              Type           Power      Damage    Failure   Level
a - Pain                  Necr           72%        1d7       3%          1

Your spell library contained the following spells:

 Spells                   Type           Power      Damage    Failure   Level
 Animate Skeleton         Necr           36%        N/A       3%          1
 Vampiric Draining        Necr           18%        2d7       9%          3
 Animate Dead             Necr           9%         N/A       28%         4
 Agony                    Necr           18%        N/A       63%         5

Inventory:

Hand Weapons
 e - a +0 club {mace}
   (You took it off a goblin on level 1 of the Dungeon)
 f - a +0 dagger {short}
   (You took it off a goblin on level 1 of the Dungeon)
 h - a +0 club {mace}
   (You took it off a goblin on level 1 of the Dungeon)
 i - a +0 club {mace}
   (You took it off a goblin on level 1 of the Dungeon)
 j - a +0 whip {mace}
   (You found it on level 1 of the Dungeon)
 k - a +0 short sword {short}
   (You found it on level 1 of the Dungeon)
 l - a +0 hand axe {axe}
   (You found it on level 1 of the Dungeon)
 n - a +0 club {mace}
   (You took it off a goblin on level 1 of the Dungeon)
 r - a +0 whip {mace}
   (You took it off a kobold on level 1 of the Dungeon)
 s - a +0 club {mace}
   (You took it off a goblin on level 1 of the Dungeon)
 v - a +0 short sword {short}
   (You took it off a kobold on level 1 of the Dungeon)
 y - a +0 dagger {short}
   (You took it off a kobold on level 1 of the Dungeon)
 z - a +0 dagger {short}
   (You took it off a kobold on level 2 of the Dungeon)
 A - a +1 hunting sling of flaming {sling}
   (You found it on level 2 of the Dungeon)
Missiles
 q - 4 atropa-tipped darts {throwing}
 w - 14 stones {throwing}
Armour
 a - a +0 robe (worn)
 t - a +0 pair of boots (worn)
   (You found it on level 1 of the Dungeon)
Magical Staves
 c - a staff of fire {!astaff}
   (You found it on level 1 of the Dungeon)
Scrolls
 d - a scroll of enchant weapon {unknown}
 m - 3 scrolls of identify {unknown}
 p - 2 scrolls of noise {unknown}
Potions
 b - 3 potions of magic
 g - a potion of resistance {unknown}
 o - a potion of attraction {unknown}
 u - a potion of flight {unknown}
 x - a potion of haste {unknown}

Dungeon Overview and Level Annotations

Branches:
Dungeon (2/15)

Shops:
D:1

[*?* #...........
..... #.......####
..#.. #...........
..... #.....######
#... #.....#
.##...###+###.....#
.......#.$.<......#
......gr..........#
#.J..)g@..........#
...#.##............#
# #
#.#.####.......###
...#.# ####....##.
#...... ###..#.
##..#... #....
#..##.## ..... ##..
.###. .....


You could see 2 gnolls, an endoplasm and a quokka.


Message History

Your hp is fully restored (26).
Your mp is fully restored (10).
You now have 27 gold pieces (gained 8).
You now have 39 gold pieces (gained 12).
p - 2 scrolls labelled BIRIED DAJUIRI (gained 1)
There is a stone staircase leading up here.
A gnoll comes into view. It is wielding a +0 flail.
You see here 12 gold pieces.
Okay, then.
A gnoll comes into view. It is wielding a +0 halberd.
The gnoll shouts!
A quokka comes into view.
A gnoll comes into view. It is wielding a +0 whip.
Casting: Pain (safe; 3% risk of failure)
Confirm with . or Enter, or press ? or * to list all spells.
Aiming: Pain (safe; 3% risk of failure)
Press: ? - help, Shift-Dir - straight line, f - gnoll
Aim: a gnoll, wielding a +0 halberd (chance to affect: 83%)
The gnoll barely resists.
The gnoll shouts! x2 😕 HP[-1] MP[-1]
You take 1 damage, and now have 25/26 hp.
You lost 1 mp, and now have 9/10 mp.
Casting: Pain (safe; 3% risk of failure)
Confirm with . or Enter, or press ? or * to list all spells.
Aiming: Pain (safe; 3% risk of failure)
Press: ? - help, Shift-Dir - straight line, f/p - gnoll
Aim: a gnoll, wielding a +0 halberd (chance to affect: 83%)
The gnoll writhes in agony. 😕 HP[-1] MP[-1]
You take 1 damage, and now have 24/26 hp.
You lost 1 mp, and now have 8/10 mp.
Casting: Pain (safe; 3% risk of failure)
Confirm with . or Enter, or press ? or * to list all spells.
Aiming: Pain (safe; 3% risk of failure)
Press: ? - help, Shift-Dir - straight line, f/p - gnoll
Aim: a gnoll, wielding a +0 halberd (moderately wounded, chance to affect: 83%)
The gnoll writhes in agony.
The gnoll hits you from afar with a +0 halberd. 😕 HP[-2] MP[-1]
You take 2 damage, and now have 22/26 hp.
You lost 1 mp, and now have 7/10 mp.
Casting: Pain (safe; 3% risk of failure)
Confirm with . or Enter, or press ? or * to list all spells.
Aiming: Pain (safe; 3% risk of failure)
Press: ? - help, Shift-Dir - straight line, f/p - gnoll
Aim: a gnoll, wielding a +0 halberd (severely wounded, chance to affect: 83%)
The gnoll writhes in agony.
You kill the gnoll! 😕 HP[-1] MP[-1]
You take 1 damage, and now have 21/26 hp.
You lost 1 mp, and now have 6/10 mp.
Casting: Pain (safe; 3% risk of failure)
Confirm with . or Enter, or press ? or * to list all spells.
Aiming: Pain (safe; 3% risk of failure)
Press: ? - help, Shift-Dir - straight line, f - gnoll
Aim: a gnoll, wielding a +0 flail (chance to affect: 83%)
The gnoll writhes in agony.
The quokka bites you but does no damage.
The gnoll completely misses you. 😕 HP[-1] MP[-1]
You take 1 damage, and now have 20/26 hp.
You lost 1 mp, and now have 5/10 mp.
Casting: Pain (safe; 3% risk of failure)
Confirm with . or Enter, or press ? or * to list all spells.
Aiming: Pain (safe; 3% risk of failure)
Press: ? - help, Shift-Dir - straight line, f/p - gnoll
Aim: a gnoll, wielding a +0 flail (heavily wounded, chance to affect: 83%)
The gnoll barely resists.
The quokka bites you. The gnoll barely misses you.
An endoplasm comes into view. 😮 HP[-4] MP[-1]
You take 4 damage, and now have 16/26 hp.
You lost 1 mp, and now have 4/10 mp.
Casting: Pain (safe; 3% risk of failure)
Confirm with . or Enter, or press ? or * to list all spells.
Aiming: Pain (safe; 3% risk of failure)
Press: ? - help, Shift-Dir - straight line, f/p - gnoll
Aim: a gnoll, wielding a +0 flail (heavily wounded, chance to affect: 83%)
The gnoll writhes in agony.
The endoplasm quivers.
The quokka twitches its whiskers.
The quokka bites you.
* * * LOW HITPOINT WARNING * * *
The gnoll barely misses you. x2 😨 HP[-4] MP[-1]
You take 4 damage, and now have 12/26 hp.
You lost 1 mp, and now have 3/10 mp.
Casting: Pain (safe; 3% risk of failure)
Confirm with . or Enter, or press ? or * to list all spells.
Aiming: Pain (safe; 3% risk of failure)
Press: ? - help, Shift-Dir - straight line, f/p - gnoll
Aim: a gnoll, wielding a +0 flail (severely wounded, chance to affect: 83%)
The gnoll barely resists.
The quokka misses you. The gnoll hits you with a +0 whip.
* * * LOW HITPOINT WARNING * * *
The gnoll hits you with a +0 flail.
* * * LOW HITPOINT WARNING * * *
😱 HP[-10]
You take 10 damage, and now have 2/26 hp.
MASSIVE DAMAGE!! (PAUSE)
The gnoll attacks as you move away! The gnoll hits you with a +0 whip.
You die...

Skill      XL: |  1  2 |
---------------+-------+-----
Spellcasting   | 2 3 |  3.4
Dodging        | |  1.7
Stealth        | |  1.7
Necromancy     | |  3.6

Action                   || total
-------------------------++-------
 Cast: Pain              ||    77
Armor: Robe              ||     4
Dodge: Dodged            ||    13

Levels and vault maps discovered:
D:1:      moated_graveyard_arrival, layout_loops_ring, serial_shops, shop,
          nicolae_shop_advertising_works [nicolae_subvault_shop_adworks],
          nicolae_lakefront_shop, nicolae_shop_trees, corexii_hall_statues_x,
          chequers_serial_rivers_small_3
D:2:      layout_rooms, shapermc_ecumenical_altar_flowoftime, basic_altar

Notes
Turn   | Place    | Note
-------+----------+-------------------------------------------
     0 | D:1      | spaghetti the Demigod Necromancer began the quest for the
                  | Orb.
     0 | D:1      | Reached XP level 1. HP: 14/14 MP: 5/5
     0 | D:1      | magus.rc [v1.9.6]
    70 | D:1      | Reached skill level 2 in Spellcasting
   352 | D:1      | Found Oduette's Armour Boutique.
   356 | D:1      | Reached XP level 2. HP: 16/20 MP: 4/8
   564 | D:1      | Found Heybboet's General Store.
  1223 | D:1      | Reached skill level 3 in Spellcasting
  1225 | D:1      | HP: 5/20 [hobgoblin (1)]
  1681 | D:1      | Reached XP level 3. HP: 17/26 MP: 3/10
  1895 | D:1      | Found Kuwiozoc's Magic Scroll Shop.
  1898 | D:1      | Found Guthrurph's General Store.
  2472 | D:2      | HP: 5/26 [gnoll/+0 whip (6)]
  2472 | D:2      | HP: 2/26 [gnoll/+0 flail (3)]
  2473 | D:2      | Slain by a gnoll

Vanquished Creatures
  A gnoll (D:2)
  A dart slug (D:1)
  3 ball pythons (D:1)
  A bat (D:1)
  3 endoplasms (D:1)
  A giant cockroach (D:1)
  6 goblins (D:1)
  4 hobgoblins (D:1)
  2 jackals (D:1)
  4 kobolds
  3 quokkas (D:1)
  A frilled lizard (D:1)
  4 rats (D:1)
34 creatures vanquished.

Table legend:
 A = Non-vault XP
 B = Vault XP
 C = Vault XP percentage of total XP
 D = Non-vault monster count
 E = Vault monster count
 F = Vault count percentage of total count
                 A         B        C        D         E       F
            +---------+---------+-------+---------+---------+-------
      Total |      72 |       0 |   0.0 |      34 |       0 |   0.0
            +---------+---------+-------+---------+---------+-------
        D:1 |      57 |       0 |   0.0 |      32 |       0 |   0.0
        D:2 |      15 |       0 |   0.0 |       2 |       0 |   0.0
            +---------+---------+-------+---------+---------+-------

Illustrated notes

Table legend:
 A = Kills in this place as a percentage of kills in entire the game.
 B = Kills by you in this place as a percentage of kills by you in the entire game.
 C = Kills by friends in this place as a percentage of kills by friends in the entire game.
 D = Other kills in this place as a percentage of other kills in the entire game.
 E = Experience gained in this place as a percentage of experience gained in the entire game.
 F = Experience gained in this place divided by the number of levels of this place that you have seen.
                   A       B       C       D       E      F
               +-------+-------+-------+-------+-------+----------------------
         Total | 100.0 | 100.0 |   N/A |   N/A | 100.0 |  36.0
       Dungeon | 100.0 | 100.0 |   N/A |   N/A | 100.0 |  36.0
               +-------+-------+-------+-------+-------+----------------------

Table legend: (Time is in decaauts)
 A = Elapsed time spent in this place.
 B = Non-inter-level travel time spent in this place.
 C = Inter-level travel time spent in this place.
 D = Time resting spent in this place.
 E = Time spent auto-exploring this place.
 F = Levels seen in this place.
 G = Mean time per level.
                   A        B        C        D        E       F      G
               +--------+--------+--------+--------+--------+-----+--------+
         Total |   2475 |   2428 |     47 |    267 |   1970 |   2 | 1237.5 |
       Dungeon |   2475 |   2428 |     47 |    267 |   1970 |   2 | 1237.5 |
               +--------+--------+--------+--------+--------+-----+--------+

Top non-repeatable levels by time:
     D:1: 2392 daAuts
     D:2: 83 daAuts
